 Dungeon Crawl Stone Soup version 0.31-a0-803-g95b03c3367 (webtiles) character file.

Game seed: 1408779245770531174

402 Maratek the Magician (level 6, -1/41 HPs)
             Began as a Mummy Necromancer on Sept 21, 2023.
             Was an Initiate of Yredelemnul.
             Killed from afar by a white imp (10 damage)
             ... with a puff of frost
             ... on level 4 of the Dungeon.
             The game lasted 00:08:06 (4321 turns).

Maratek the Magician (Mummy Necromancer)            Turns: 4321, Time: 00:08:07

Health: -1/41      AC:  2    Str: 12    XL:     6   Next: 55%
Magic:  24/24      EV: 12    Int: 16    God:    Yredelemnul [......]
Gold:   125        SH:  0    Dex: 12    Spells: 16/17 levels left

rFire   . . .        j - +2 short sword (flame)
rCold   . . .        (no shield)
rNeg    + + +        a - +0 robe
rPois   ∞            (no helmet)
rElec   .            (no cloak)
rCorr   .            (no gloves)
SInv    .            (no boots)
Will    .....        (no amulet)
Stlth   ++           f - ring of fire
HPRegen 0.26/turn    m - ring of magical power
MPRegen 0.19/turn

%: faith
@: no status effects
A: cold resistance 1, negative energy resistance 3, torment resistance 2, heat
vulnerability 1, in touch with death 1, no potions, faith
a: Renounce Religion, Recall Undead Harvest


You were on level 4 of the Dungeon.
You worshipped Yredelemnul.
Yredelemnul was noncommittal.
You visited 1 branch of the dungeon, and saw 5 of its levels.

You collected 125 gold pieces.

Inventory:

Hand Weapons
 j - a +2 short sword of flaming (weapon)
Armour
 a - a +0 robe (worn)
Jewellery
 f - a ring of fire (left hand)
 m - a ring of magical power (right hand)
Scrolls
 b - 2 scrolls of revelation {unknown}
 c - a scroll of blinking {unknown}
 d - 2 scrolls of identify {unknown}
 e - a scroll of silence {unknown}
 g - a scroll of vulnerability {unknown}
 h - 3 scrolls of teleportation {unknown}
 i - 2 scrolls of immolation {unknown}
 k - 2 scrolls of amnesia {unknown}
 l - a scroll of fog {unknown}


   Skills:
 + Level 0.1 Fighting
 + Level 0.7 Short Blades
 + Level 1.7 Dodging
 + Level 2.2 Stealth
 + Level 6.0 Spellcasting
 + Level 5.9 Necromancy


You had 16 spell levels left.
You knew the following spells:

 Your Spells              Type           Power      Damage    Failure   Level
a - Necrotise             Necr           100%       1d9       1%          1

Your spell library contained the following spells:

 Spells                   Type           Power      Damage    Failure   Level
 Vampiric Draining        Necr           36%        2d8       3%          3
 Blink                    Tloc           8%         N/A       21%         2
 Lesser Beckoning         Tloc           8%         N/A       21%         2
 Momentum Strike          Conj/Tloc      8%         3d8       21%         2
 Agony                    Necr           36%        N/A       32%         5
 Animate Dead             Necr           Unusable   N/A       N/A         4

Dungeon Overview and Level Annotations

Branches:
Dungeon (5/15)
 Temple: D:4-7

Altars:
Gozag
Makhleb
Uskayaw
Wu Jian
Yredelemnul

Annotations:
D:3 1 runed translucent door, Crazy Yiuf


Innate Abilities, Weirdness & Mutations

You are immune to poison.
Your flesh is cold resistant. (rC+)
You are immune to negative energy. (rN+++)
You are immune to unholy pain and torment.
You are vulnerable to heat. (rF-)
You are in touch with the powers of death.
You do not drink.
You have a special connection with the divine. (Faith)


Message History

You are too injured to fight recklessly!
The white imp attacks as it pursues you!
The white imp barely misses you.
The white imp attacks as it pursues you!
The white imp closely misses you.
There is a stone staircase leading up here.
The white imp hits you. The white imp freezes you.
You climb upwards.
There is a stone staircase leading down here.
You closely miss the white imp.
The white imp is lightly wounded.
The white imp barely misses you.
You hit the white imp but do no damage.
The white imp is lightly wounded.
The white imp hits you but does no damage.
You hit the white imp but do no damage.
The white imp is lightly wounded.
The white imp closely misses you.
You hit the white imp. You burn the white imp.
You punch the white imp, but do no damage.
The white imp is severely wounded.
You hit the white imp but do no damage.
The white imp is severely wounded.
The white imp closely misses you.
You closely miss the white imp.
The white imp is severely wounded.
The white imp hits you. The white imp freezes you.
* * * LOW HITPOINT WARNING * * *
You barely miss the white imp.
The white imp is severely wounded.
The white imp hits you.
* * * LOW HITPOINT WARNING * * *
The white imp freezes you.
* * * LOW HITPOINT WARNING * * *
You barely miss the white imp.
The white imp is severely wounded.
The white imp gestures at you. The puff of frost hits you!
You die...
You join the legions of the undead harvest.

Z# #.# Z# #.# .#
#.# .#########.#
........##Z#
........##.#
........##Z#
.......)##.#######
................@#
........########5#
........# #.#
........# #.#
........# #.#
######### #.# #.#
#.#
##############.#


You could see a white imp.

Vanquished Creatures
  A scorpion (D:3)
  A hound (D:4)
  A jelly (D:4)
  An iguana (D:3)
  2 orc wizards (D:4)
  5 gnolls
  2 adders
  5 worms
  6 orcs
  8 ball pythons
  10 endoplasms
  2 giant cockroaches
  7 goblins
  6 hobgoblins
  7 jackals
  3 quokkas
  5 bats
  8 frilled lizards
  6 kobolds
  8 rats
94 creatures vanquished.

Vanquished Creatures (collateral kills)
  A hound (D:4)
  An orc (D:3)
2 creatures vanquished.

Vanquished Creatures (others)
  A hound zombie (D:4)
  A gnoll zombie (D:3)
2 creatures vanquished.

Grand Total: 98 creatures vanquished

Notes
Turn   | Place    | Note
-------+----------+-------------------------------------------
     0 | D:1      | Maratek the Mummy Necromancer began the quest for the Orb.
     0 | D:1      | Reached XP level 1. HP: 13/13 MP: 4/4
     1 | D:1      | Noticed an electric eel
   254 | D:1      | Reached XP level 2. HP: 19/19 MP: 3/5
   431 | D:1      | Reached skill level 3 in Spellcasting
   748 | D:1      | Found a faded altar of an unknown god.
   825 | D:1      | Reached XP level 3. HP: 18/24 MP: 2/7
  1693 | D:2      | Reached skill level 4 in Spellcasting
  1901 | D:2      | Reached XP level 4. HP: 30/30 MP: 8/10
  2254 | D:3      | Found a hide-covered altar of Uskayaw.
  2276 | D:3      | Reached skill level 5 in Necromancy
  2395 | D:3      | Noticed a scorpion
  2407 | D:3      | Killed a scorpion
  2408 | D:3      | Reached skill level 5 in Spellcasting
  2408 | D:3      | Reached XP level 5. HP: 15/35 MP: 9/12
  2553 | D:3      | Found a burning altar of Makhleb.
  2636 | D:3      | Found an opulent altar of Gozag.
  2785 | D:3      | Found an ornate altar of the Wu Jian Council.
  2792 | D:3      | Found a basalt altar of Yredelemnul.
  2851 | D:3      | Became a worshipper of Yredelemnul the Dark
  3328 | D:3      | Found a runed translucent door.
  3329 | D:3      | Noticed Crazy Yiuf
  3450 | D:4      | Reached XP level 6. HP: 32/41 MP: 5/14
  3452 | D:4      | Reached * piety under Yredelemnul
  3786 | D:4      | Reached skill level 6 in Spellcasting
  3954 | D:4      | Reached ** piety under Yredelemnul
  4301 | D:5      | Entered Level 5 of the Dungeon
  4321 | D:4      | Killed from afar by a white imp

Illustrated notes

Levels and vault maps discovered:
D:1:      arrival_aquarium_a, layout_basic, ebering_ecumenical_altar_hall
D:2:      layout_basic, minmay_tromino_v2
D:3:      minmay_angry_zag, layout_basic, mainiacjoe_overflow_cross_hatched,
          mainiacjoe_overflow_tiny_flanked,
          nicolae_uskayaw_murder_on_the_dancefloor,
          mainiacjoe_overflow_large_starburst, minivault_24,
          uniq_crazy_yiuf_cottage
D:4:      layout_basic, corner_web_ring
D:5:      layout_cave_pools, marbit_many_paths, kb_lookout_dungeons_type,
          uniq_sigmund, uniq_grinder, uniq_ijyb

Skill      XL: |  1  2  3  4  5  6 |
---------------+-------------------+-----
Spellcasting   | 3 4 5 6 |  6.0
Necromancy     | 5 |  5.9
Stealth        | 2 |  2.2
Fighting       | |  0.1
Short Blades   | |  0.7
Dodging        | |  1.7

Action                     |  1- 3 |  4- 6 || total
---------------------------+-------+-------++-------
  Melee: Unarmed           |     6 |       ||     6
         Short sword       |       |    48 ||    48
         Punch             |       |     1 ||     1
   Cast: Necrotise         |    78 |    94 ||   172
 Armour: Robe              |    11 |    36 ||    47
  Dodge: Dodged            |    23 |    42 ||    65

Table legend: (Time is in decaauts)
 A = Elapsed time spent in this place.
 B = Non-inter-level travel time spent in this place.
 C = Inter-level travel time spent in this place.
 D = Time resting spent in this place.
 E = Time spent auto-exploring this place.
 F = Levels seen in this place.
 G = Mean time per level.
                   A        B        C        D        E       F      G
               +--------+--------+--------+--------+--------+-----+--------+
         Total |   4318 |   4150 |    168 |    272 |   3364 |   5 |  863.6 |
       Dungeon |   4318 |   4150 |    168 |    272 |   3364 |   5 |  863.6 |
               +--------+--------+--------+--------+--------+-----+--------+

Top non-repeatable levels by time:
     D:3: 1294 daAuts
     D:1: 1070 daAuts
     D:2: 1023 daAuts
     D:4: 918 daAuts
     D:5: 11 daAuts
